 Dungeon Crawl Stone Soup version 0.20-a0-268-gb6bde61 (webtiles) character file.

788 shinino the Cleaver (level 7, 0/61 HPs)
             Began as a Minotaur Berserker on Dec 6, 2016.
             Was a Believer of Trog.
             Slain by Grinder (5 damage)
             ... on level 5 of the Dungeon.
             The game lasted 00:07:23 (4083 turns).

shinino the Cleaver (Minotaur Berserker)            Turns: 4083, Time: 00:07:23

Health: 0/61       AC:  5    Str: 21    XL:     7   Next: 56%
Magic:  6/6        EV:  8    Int:  4    God:    Trog [**....]
Gold:   221        SH:  0    Dex: 12    Spells: 6/6 levels left

rFire  . . .     SeeInvis .     a - +0 hand axe
rCold  . . .     Gourm    .     f - +0 chain mail
rNeg   . . .     Faith    .     (no shield)
rPois  .         Spirit   .     (helmet restricted)
rElec  .         Reflect  .     (no cloak)
rCorr  .         Harm     .     (no gloves)
MR     .....                    (no boots)
Stlth  ..........               (no amulet)
                                (no ring)
                                r - ring of stealth

@: corroded
A: retaliatory headbutt, horns 2
a: Berserk, Trog's Hand, Burn Spellbooks, Renounce Religion


You were on level 5 of the Dungeon.
You worshipped Trog.
Trog was pleased with you.
You were not hungry.

You visited 1 branch of the dungeon, and saw 5 of its levels.

You collected 221 gold pieces.

Inventory:

Hand Weapons
 a - a +0 hand axe (weapon)
Armour
 f - a +0 chain mail (worn)
Jewellery
 r - a ring of stealth (left hand)
Wands
 m - a wand of flame (25/48)
Scrolls
 b - 3 scrolls of magic mapping
 d - a scroll of enchant armour {unknown}
 e - 4 scrolls of remove curse {unknown}
 i - 2 scrolls of random uselessness {unknown}
 j - a scroll of recharging {unknown}
 n - a scroll of identify
 q - 2 scrolls of immolation
Potions
 g - a potion of lignification {unknown}
 k - a potion of mutation {unknown}
 l - 3 potions of curing
 o - a potion of cancellation {unknown}
 p - a potion of might {unknown}
 t - a potion of brilliance {unknown}
Comestibles
 c - 3 bread rations
 h - 2 meat rations
 s - a slice of pizza


   Skills:
 + Level 5.3 Fighting
 + Level 9.0 Axes
 + Level 5.0 Armour
 - Level 2.1 Dodging


You had 6 spell levels left.
You didn't know any spells.

Dungeon Overview and Level Annotations

Branches:
Dungeon (5/15)
 Temple: D:4-7

Altars:
Hepliaklqana
Trog
Xom
The Shining One

Annotations:
D:5 Grinder


Innate Abilities, Weirdness & Mutations

You reflexively headbutt those who attack you in melee.
You have a pair of horns on your head.


Message History

Grinder completely misses you.
You closely miss Grinder.
Grinder is severely wounded.
Grinder hits you.
You barely miss Grinder. You headbutt Grinder, but do no damage.
Grinder is severely wounded.
Grinder hits you.
You writhe in agony.
* * * LOW HITPOINT WARNING * * *
You hit Grinder but do no damage. Your headbutt misses Grinder.
Grinder is severely wounded.
Grinder hits you.
* * * LOW HITPOINT WARNING * * *
You barely miss Grinder. Your headbutt misses Grinder.
Grinder is severely wounded.
You hit Grinder but do no damage. You headbutt Grinder.
Grinder is almost dead.
Grinder hits you.
* * * LOW HITPOINT WARNING * * *
You writhe in agony.
You die...

..................
..................
..................
..................
................#
..............#
.......5.....#
......†@.....##
.........##...#
.........##...#
.........###..#
.........# #..##
.........# ##..#
.........# #..##
.........#
#...#######
#......##
#..........


You could see Grinder.

Vanquished Creatures
  Sigmund (D:4)
  The ghost of RepHenryClay the Cudgeler, an amateur GrSk (D:3)
  A bullfrog (D:3)
  A water moccasin zombie (D:5)
  A scorpion (D:5)
  A hound (D:5)
  A jelly (D:5)
  A centaur skeleton (D:4)
  Jessica (D:2)
  3 worker ants
  A howler monkey skeleton (D:4)
  3 gnolls (D:4)
  6 adders
  A shadow imp (D:5)
  3 oozes
  2 dart slugs
  2 leopard geckos
  11 orcs
  A ball python (D:1)
  3 giant cockroaches
  7 goblins
  12 hobgoblins
  2 jackals (D:3)
  5 kobolds
  A quokka (D:5)
  9 bats
  3 frilled lizards
  A jackal skeleton (D:4)
  4 rats
89 creatures vanquished.

Notes
Turn   | Place    | Note
-------+----------+-------------------------------------------
     0 | D:1      | shinino the Minotaur Berserker began the quest for the Orb.
     0 | D:1      | Reached XP level 1. HP: 19/19 MP: 0/0
   239 | D:1      | Reached skill level 4 in Axes
   325 | D:1      | Reached XP level 2. HP: 24/26 MP: 1/1
  1118 | D:2      | Noticed Jessica
  1125 | D:2      | Killed Jessica
  1125 | D:2      | Reached skill level 5 in Axes
  1125 | D:2      | Reached XP level 3. HP: 25/31 MP: 2/2
  1350 | D:2      | Found a hazy altar of Hepliaklqana.
  1778 | D:2      | Found a bloodstained altar of Trog.
  1779 | D:2      | Found a shimmering altar of Xom.
  1880 | D:3      | Noticed a bullfrog
  1898 | D:3      | Killed a bullfrog
  1898 | D:3      | Reached skill level 6 in Axes
  1898 | D:3      | Reached XP level 4. HP: 4/39 MP: 3/3
  2086 | D:3      | Noticed RepHenryClay's ghost (amateur GrSk)
  2097 | D:3      | Killed RepHenryClay's ghost
  2097 | D:3      | Reached skill level 7 in Axes
  2097 | D:3      | Reached XP level 5. HP: 37/45 MP: 4/4
  2149 | D:3      | Reached ** piety under Trog
  2228 | D:3      | Found a glowing golden altar of the Shining One.
  2356 | D:3      | Reached skill level 8 in Axes
  2432 | D:3      | Reached XP level 6. HP: 44/51 MP: 5/5
  2637 | D:4      | Noticed Sigmund
  2657 | D:4      | Killed Sigmund
  2836 | D:4      | Reached XP level 7. HP: 46/60 MP: 6/6
  3726 | D:5      | Entered Level 5 of the Dungeon
  3748 | D:5      | Reached skill level 5 in Fighting
  3763 | D:5      | Reached skill level 9 in Axes
  4052 | D:5      | Noticed Grinder
  4063 | D:5      | Paralysed by Grinder for 7 turns
  4076 | D:5      | Reached skill level 5 in Armour
  4083 | D:5      | Slain by Grinder

Vault maps used:
D:1:      onia_arrival_mini_maze_b
D:2:      nicolae_overflow_crystal_walls, gammafunk_temple_overflow_pools,
          first_bread, uniq_jessica
D:3:      lemuel_round_altar, kennysheep_generic_room_5
D:4:      sigmund_army, uniq_sigmund
D:5:      nicolae_qazlal_general_emergency, serial_shops, kennysheep_little_box,
          uniq_duvessa, uniq_grinder

Skill      XL: |  1  2  3  4  5  6  7 |
---------------+----------------------+-----
Axes           | 4 5 6 7 8 9 |  9.0
Fighting       | 4 5 |  5.3
Armour         | 4 5 |  5.0
Dodging        | |  2.1

Action                   |  1- 3 |  4- 6 |  7- 9 || total
-------------------------+-------+-------+-------++-------
Melee: Hand axe          |    81 |   129 |    80 ||   290
       Headbutt          |    17 |    19 |    16 ||    52
Invok: Berserk           |       |     1 |       ||     1
       Trog's Hand       |       |     3 |     2 ||     5
  Use: Scroll            |       |       |     3 ||     3
  Eat: Chunk             |     3 |     5 |     5 ||    13
Armor: Animal skin       |     4 |       |       ||     4
       Chain mail        |    20 |    53 |    43 ||   116
Dodge: Dodged            |    37 |    40 |    32 ||   109
